 Dungeon Crawl Stone Soup version 0.18-a0-2-g0e512fa (webtiles) character file.

39 Ordine the Cudgeler (level 3, -10/40 HPs)
             Began as an Ogre Berserker on Oct 31, 2015.
             Was a Believer of Trog.
             Mangled by Sigmund
             ... wielding a +0 scythe
              (16 damage)
             ... on level 2 of the Dungeon.
             The game lasted 00:03:48 (1637 turns).

Ordine the Cudgeler (Ogre Berserker)                Turns: 1637, Time: 00:03:48

Health: -10/40     AC:  3    Str: 23    XL:     3   Next: 47%
Magic:  3/3        EV: 10    Int:  6    God:    Trog [**....]
Gold:   45         SH:  0    Dex:  9    Spells: 0 memorised, 2 levels left

rFire  . . .     SeeInvis .     a - +0 mace
rCold  . . .     Clarity  .     l - +0 robe
rNeg   . . .     SustAt   .     (no shield)
rPois  .         Gourm    .     (helmet restricted)
rElec  .         Spirit   .     (no cloak)
rCorr  .         Warding  .     (gloves unavailable)
rMut   .         Stasis   .     (boots unavailable)
MR     .....                    (no amulet)
Stlth  +.........               (no ring)
                                (no ring)

@: confused, exhausted, slowed, very slow, not resistant to hostile
enchantments, very unstealthy
A: unfitting armour, tough skin 1
a: Berserk, Trog's Hand, Burn Spellbooks, Renounce Religion


You were on level 2 of the Dungeon.
You worshipped Trog.
Trog was pleased with you.
You were hungry.

You visited 1 branch of the dungeon, and saw 2 of its levels.

You collected 45 gold pieces.

Inventory:

Hand Weapons
 a - a +0 mace (weapon)
Armour
 l - a +0 robe (worn)
Scrolls
 e - a scroll of identify
 i - a scroll of enchant armour
Comestibles
 c - 2 bread rations


   Skills:
 + Level 4.6 Fighting
 * Level 5.3 Maces & Flails
 - Level 2.6 Dodging


You had 2 spell levels left.
You didn't know any spells.

Dungeon Overview and Level Annotations

Branches:
Dungeon (2/15)

Altars:
Gozag

Annotations:
D:2 Sigmund


Innate Abilities, Weirdness & Mutations

You are too large for most types of armour.
You have tough skin (AC +1).


Message History

You bump into the rock wall.
You feel a strong urge to attack something.
You are no longer berserk.
You pass out from exhaustion.
You feel yourself slow down.
You are feeling hungry.
Something hits you!
* * * LOW HITPOINT WARNING * * *
Something hits you but does no damage.
You can move again.
Unknown command.
Unknown command.
Unknown command.
Unknown command.
You hear some strange, mumbled words.
You are more confused.
Something hits you.
* * * LOW HITPOINT WARNING * * *
You miss something. Something hits you!
You die...

*,.....* #....#(...#*,,,,,*,
*,..######....#....####,,,,,
*,,,*#........).).....#,,,*,
*,,.##................#,,***
*,,.....................,,*,
*,,.....................,,,,
***...........##...##...,,,,
*.........####...#*...,,,,
****........@..##...#**,.,,,,
*,,,.......{...#....#**,,,,,,
*,,,.......#...#,,,..,,,,,,,,
*,,,.......#...#,,,,,,,,,,,,,
*,,,.......#...#,,,,,,,*****,
*,,,.......#...#,,,,,,,* **
*,,,.#######...#,,,,,,,*
****** #...#,,,,,,,*
#####********


There were no monsters in sight!

Vanquished Creatures
  An adder (D:2)
  2 bats (D:1)
  A giant cockroach (D:2)
  5 hobgoblins
  4 jackals (D:1)
  A quokka (D:2)
  2 giant newts
  3 goblins
  5 kobolds
  6 rats
  A bush (D:1)
31 creatures vanquished.

Notes
Turn   | Place    | Note
--------------------------------------------------------------
     0 | D:1      | Ordine the Ogre Berserker began the quest for the Orb.
     0 | D:1      | Reached XP level 1. HP: 24/24 MP: 1/1
   164 | D:1      | Reached XP level 2. HP: 30/33 MP: 2/2
  1119 | D:2      | Reached skill level 5 in Maces & Flails
  1221 | D:2      | Found an opulent altar of Gozag.
  1244 | D:2      | Reached XP level 3. HP: 40/40 MP: 3/3
  1262 | D:2      | Reached ** piety under Trog
  1615 | D:2      | Noticed Sigmund
  1637 | D:2      | Mangled by Sigmund

Vault maps used:
D:1:      minmay_arrival_loop, serial_forest, infiniplex_forest_pool,
          infiniplex_forest_zigzag_2, infiniplex_forest_straight_3,
          infiniplex_forest_lined_room_2, infiniplex_forest_clump_cross,
          infiniplex_forest_straight_3, infiniplex_forest_clump_double,
          infiniplex_forest_lined_3, infiniplex_forest_clump_tiny
D:2:      kennysheep_goblin_castle, gammafunk_temple_overflow_statue,
          st_stairs_12, minmay_crystal_water, kennysheep_doodads,
          grunt_gozag_breadcrumbs, uniq_sigmund

Action                   || total
-------------------------++-------
Melee: Mace              ||   187
Invok: Berserk           ||     1
  Use: Scroll            ||     6
  Eat: Chunk             ||     3
